AoeStats
← JoackoMaga

Four Lakes

510171564Analyzed
1v1 RM · 3d ago on Sep 29, 2026· 48m 37s· 2 players
Game mode
Random Map
Map size
Tiny (2 player)
Population
200
Speed
Normal
Resources
Standard
Victory
Conquest
Starting age
Dark Age
Ending age
Imperial Age
RankedLock teamsTeams togetherTeam positionsShared explorationLock speedFull tech treeHidden civsTurbo modeCheats
Victory
Defeat
🇩🇪 Ethiopians · Germany
1009
+15
🇦🇷 Saxons · Argentina
982
-15
JoackoMaga
11:33 Feudal Age
13:17 Loom
17:37 Castle Age
18:58 Forging
20:49 Wheelbarrow
20:02 Double-Bit Axe
21:34 Squires
24:25 Imperial Age
22:30 Squires
29:32 Scale Mail Armor
34:58 Forging
37:46 Arson
38:12 Elite Hearth Troop
40:39 Conscription
41:18 Shield Wall
43:55 Gold Mining
48:19 Iron Casting
Zeratul
10:44 Feudal Age
8:59 Loom
11:12 Double-Bit Axe
13:13 Town Watch
13:38 Fishing Lines
16:18 Castle Age
17:05 Wheelbarrow
16:22 Gold Mining
16:15 Horse Collar
17:47 Crossbowman
18:32 Fletching
18:45 Padded Archer Armor
19:07 Thumb Ring
19:27 Bow Saw
20:35 Gillnets
20:50 Bodkin Arrow
22:26 Hand Cart
23:00 Gold Shaft Mining
22:16 Stone Mining
22:30 Heavy Plow
26:39 Hand Cart
26:24 Town Patrol
30:51 Imperial Age
29:21 Leather Archer Armor
30:30 Ballistics
31:15 Arbalester
32:37 Bracer
34:24 Chemistry
37:01 Ring Archer Armor
36:32 Scale Mail Armor
36:43 Forging
37:31 Elite Shotel Warrior
41:46 Chain Mail Armor
42:07 Iron Casting
48:11 Torsion Engines
Connection lost

Rejoining the realm…

Still unreachable

The connection could not be restored.

Session expired

The server has moved on; the page needs a fresh start.